 Dungeon Crawl Stone Soup version 0.18.1-8-gdd0e5ea (webtiles) character file.

226 m0ast the Ducker (level 6, 0/51 HPs)
             Began as a Ghoul Gladiator on May 25, 2016.
             Slain by a jackal (2 damage)
             ... on level 3 of the Dungeon.
             The game lasted 00:08:29 (2565 turns).

m0ast the Ducker (Ghoul Gladiator)                  Turns: 2565, Time: 00:08:29

Health: 0/51       AC:  4    Str: 21    XL:     6   Next: 1%
Magic:  5/5        EV: 18    Int:  3    God:
Gold:   97         SH:  0    Dex: 14    Spells: 0 memorised, 5 levels left

rFire  . . .     SeeInvis .     a - +0 trident
rCold  + . .     Gourm    .     b - +0 leather armour
rNeg   + + +     Faith    .     (no shield)
rPois  ∞         Spirit   .     c - +0 helmet
rElec  .         Dismiss  .     (no cloak)
rCorr  .         Reflect  .     (no gloves)
SustAt .         Harm     .     (no boots)
MR     .....                    (no amulet)
Stlth  ++........               (no ring)
                                (no ring)

@: agile, rotting, not resistant to hostile enchantments, unstealthy
A: rotting body, claws 1, carnivore 3, cold resistance 1, negative energy
resistance 3, slow regeneration 1, torment resistance, unbreathing
a: no special abilities


You were on level 3 of the Dungeon.
You were not hungry.

You visited 1 branch of the dungeon, and saw 3 of its levels.

You collected 97 gold pieces.

Inventory:

Hand Weapons
 a - a +0 trident (weapon)
 r - a +0 trident
Missiles
 d - 4 throwing nets (quivered)
Armour
 b - a +0 leather armour (worn)
 c - a +0 helmet (worn)
 p - a +0 scale mail
Jewellery
 g - an uncursed amulet of magic regeneration {unknown}
 l - an uncursed ring of protection from magic {unknown}
 s - an uncursed ring of ice {unknown}
Scrolls
 e - a scroll of enchant weapon {unknown}
 h - a scroll of teleportation {unknown}
 i - a scroll of immolation {unknown}
 j - 2 scrolls of recharging {unknown}
 n - a scroll of remove curse {unknown}
 o - 2 scrolls of enchant armour {unknown}
Potions
 t - a potion of berserk rage {unknown}
Comestibles
 f - 2 meat rations
 k - a beef jerky
 q - a chunk of flesh


   Skills:
 + Level 3.4 Fighting
 * Level 3.4 Polearms
 - Level 1.9 Throwing
 - Level 2.0 Armour
 + Level 4.1 Dodging
 + Level 0.8 Stealth


You had 5 spell levels left.
You didn't know any spells.

Dungeon Overview and Level Annotations

Branches:
Dungeon (3/15)

Altars:


Innate Abilities, Weirdness & Mutations

Your body is rotting away.
You thrive on raw meat.
You are immune to poison.
You have sharp fingernails.
You are carnivorous and can eat meat at any time.
Your flesh is cold resistant.
You are immune to negative energy.
You regenerate slowly when monsters are visible.
You are immune to unholy pain and torment.
You can survive without breathing.


Message History

The jackal misses you.
You hit the jackal.
The jackal is moderately wounded.
The jackal closely misses you. The jackal misses you.
You barely miss the jackal.
The jackal is moderately wounded.
The jackal bites you.
* * * LOW HITPOINT WARNING * * *
You closely miss the jackal.
The jackal is moderately wounded.
The jackal barely misses you. x2
You barely miss the jackal. The jackal bites you.
* * * LOW HITPOINT WARNING * * *
The jackal closely misses you.
You barely miss the jackal. The jackal closely misses you.
You puncture the jackal!
You kill the jackal!
The jackal misses you.
You closely miss the jackal. The jackal bites you.
You die...

#.# #.# #.#
#.#o# #.#o#
#.#o# #.#.# >
#.#.# .$. #@#.#
.#...#h#.#.#
.......o....#
............#
............#
?.............
.............?..
................
...........#####


You could see an orc and a jackal.

Vanquished Creatures
  An ogre (D:2)
  An orc wizard (D:3)
  5 adders (D:2)
  2 oozes
  A worm (D:1)
  A dart slug (D:2)
  3 giant geckos (D:2)
  2 orcs (D:3)
  6 bats
  4 giant cockroaches
  5 goblins
  10 hobgoblins
  3 jackals (D:3)
  A quokka (D:2)
  3 giant newts (D:1)
  4 kobolds
  7 rats
59 creatures vanquished.

Notes
Turn   | Place    | Note
--------------------------------------------------------------
     0 | D:1      | m0ast the Ghoul Gladiator began the quest for the Orb.
     0 | D:1      | Reached XP level 1. HP: 17/17 MP: 0/0
   288 | D:1      | Reached XP level 2. HP: 16/25 MP: 1/1
   707 | D:1      | Reached skill level 3 in Dodging
   730 | D:1      | Reached XP level 3. HP: 20/30 MP: 2/2
  1180 | D:2      | Reached skill level 1 in Armour
  1342 | D:2      | Reached XP level 4. HP: 22/37 MP: 3/3
  1964 | D:2      | Noticed an ogre
  1970 | D:2      | Killed an ogre
  1970 | D:2      | Reached skill level 4 in Dodging
  1970 | D:2      | Reached XP level 5. HP: 11/43 MP: 4/4
  2555 | D:3      | Reached XP level 6. HP: 5/51 MP: 5/5
  2562 | D:3      | HP: 2/51 [jackal (2)]
  2565 | D:3      | Slain by a jackal

Skill      XL: |  1  2  3  4 |
---------------+-------------+-----
Dodging        | 3 4 |  4.1
Polearms       | 3 |  3.4
Armour         | 1 2 |  2.0
Fighting       | 3 |  3.4
Throwing       | |  1.9
Stealth        | |  0.8

Action                   |  1- 3 |  4- 6 || total
-------------------------+-------+-------++-------
Melee: Trident           |   139 |   119 ||   258
  Use: Potion            |       |     1 ||     1
  Eat: Chunk             |    12 |     7 ||    19
Armor: Leather armour    |    38 |    28 ||    66
Dodge: Dodged            |    93 |    80 ||   173
